 Dungeon Crawl Stone Soup version 0.21-a0-372-gd0ff781 (webtiles) character file.

1 Monsterracer the Magician (level 1, -4/17 HPs)
             Began as a Gnoll Wanderer on Oct 16, 2017.
             Slain by a kobold
             ... wielding a +2 dagger of distortion
              (21 damage)
             ... on level 1 of the Dungeon.
             The game lasted 00:00:34 (270 turns).

Monsterracer the Magician (Gnoll Wanderer)           Turns: 270, Time: 00:00:35

Health: -4/17      AC:  5    Str: 14    XL:     1   Next: 20%
Magic:  8/8        EV: 10    Int: 13    God:
Gold:   0          SH:  0    Dex: 15    Spells: 14/14 levels left

rFire    . . .     SeeInvis .   d - +0 dagger
rCold    . . .     Gourm    .   (no shield)
rNeg     . . .     Faith    .   c - +0 ring mail
rPois    .         Spirit   .   (no helmet)
rElec    .         Reflect  .   (no cloak)
rCorr    .         Harm     .   (no gloves)
MR       .....                  (no boots)
Stlth    +.........             (no amulet)
HPRegen  0.05/turn              (no ring)
MPRegen  0.11/turn              (no ring)

@: no status effects
A: distributed training, fangs 1, strong nose
a: no special abilities


You were on level 1 of the Dungeon.
You were not hungry.

You visited 1 branch of the dungeon, and saw 1 of its levels.

Inventory:

Hand Weapons
 d - a +0 dagger (weapon)
Armour
 c - a +0 ring mail (worn)
Books
 a - a book of Minor Magic

   Spells                             Type                      Level
   a - Magic Dart                     Conjuration                  1
   b - Blink                          Translocation                2
   c - Call Imp                       Summoning                    2
   d - Slow                           Hexes                        2
   e - Conjure Flame                  Conjuration/Fire             3
   f - Mephitic Cloud                 Conjuration/Poison/Air       3
 b - Sif Muna's Reference Book on Attacks

   Spells                             Type                      Level
   a - Magic Dart                     Conjuration                  1
   b - Dazzling Spray                 Conjuration/Hexes            3
Comestibles
 f - a bread ration


   Skills:
 + Level 2.3 Fighting
 + Level 0.0 Short Blades
 + Level 0.0 Long Blades
 + Level 2.3 Axes
 + Level 0.0 Maces & Flails
 + Level 0.0 Polearms
 + Level 0.0 Staves
 + Level 0.0 Slings
 + Level 0.0 Bows
 + Level 0.0 Crossbows
 + Level 2.3 Throwing
 + Level 2.3 Armour
 + Level 0.0 Dodging
 + Level 0.0 Stealth
 + Level 2.3 Shields
 + Level 0.0 Unarmed Combat
 + Level 7.0 Spellcasting
 + Level 0.0 Conjurations
 + Level 3.6 Hexes
 + Level 0.0 Charms
 + Level 0.0 Summonings
 + Level 0.0 Necromancy
 + Level 0.0 Translocations
 + Level 0.0 Transmutations
 + Level 0.0 Fire Magic
 + Level 0.0 Ice Magic
 + Level 0.0 Air Magic
 + Level 0.0 Earth Magic
 + Level 0.0 Poison Magic
 + Level 0.0 Invocations
 + Level 0.0 Evocations


You had 14 spell levels left.
You didn't know any spells.

Dungeon Overview and Level Annotations

Branches:
Dungeon (1/15)

Altars:


Innate Abilities, Weirdness & Mutations

Your experience applies equally to all skills.
You have very sharp teeth.
Your uncanny sense of smell can sniff out nearby items.


Message History

A giant cockroach comes into view.
There is an open door here.
A giant cockroach is nearby!
You closely miss the giant cockroach. You bite the giant cockroach.
The giant cockroach is heavily wounded.
The giant cockroach bites you but does no damage.
The giant cockroach closely misses you.
You hit the giant cockroach.
The giant cockroach is almost dead.
The giant cockroach bites you but does no damage.
You barely miss the giant cockroach.
The giant cockroach is almost dead.
The giant cockroach waves its antennae.
The giant cockroach bites you but does no damage.
You barely miss the giant cockroach.
The giant cockroach is almost dead.
The giant cockroach bites you but does no damage.
You hit the giant cockroach.
You kill the giant cockroach!
No target in view!
Found a stone staircase leading down.
A goblin, a gnoll and a kobold come into view.
The kobold is wielding a dagger of distortion.
The gnoll shouts!
The kobold shouts!
The goblin shouts!
The kobold moves out of view.
The goblin closely misses you. The kobold closely misses you.
The kobold hits you but does no damage. Space warps horribly around you!
Ouch! That really hurt!
You die...

### # #.#.#
##.#
#.#...#
...########
#.#...##
..........#
#......
##.######.#
#.#...#
##.# #.#
#.#...#
##.# #.#
#.#...#
##.#
#.###.#K@.#
>#.#
#....g.g..#
.#.#
#####.#...#
.#.#
#.#...# #.#
#.#...#
#.#...#
#.#...#
#.#.#.#
.......


You could see a gnoll, a goblin and a kobold.

Vanquished Creatures
  A giant cockroach (D:1)
1 creature vanquished.

Notes
Turn   | Place    | Note
-------+----------+-------------------------------------------
     0 | D:1      | Monsterracer the Gnoll Wanderer began the quest for the Orb.
     0 | D:1      | Monsterracer set off with: a book of Minor Magic, Sif Muna's Reference Book on Attacks, a +0 ring mail, a +0 dagger, a bread ration
     0 | D:1      | Reached XP level 1. HP: 17/17 MP: 8/8
     0 | D:1      | Identified Sif Muna's Reference Book on Attacks
   270 | D:1      | Slain by a kobold

Vault maps used:
D:1:      dpeg_arrival_chase, amethyst_killhole, hangedman_abyss_or_decor_stabs,
          hex_medium

Action                   || total
-------------------------++-------
Melee: Dagger            ||     7
       Bite              ||     1
Armor: Ring mail         ||     4
Dodge: Dodged            ||     5

Table legend:
 A = Spawn XP
 B = Non-spawn XP
 C = Spawn XP percentage of total XP
 D = Spawn monster count
 E = Non-spawn monster count
 F = Spawn count percentage of total count
 G = Total turns spent on level
                    A         B        C        D         E        F      G
               +---------+---------+-------+---------+---------+-------+---------
         Total |       0 |       2 |   0.0 |       0 |       1 |   0.0 |   270
               +---------+---------+-------+---------+---------+-------+---------
           D:1 |       0 |       2 |   0.0 |       0 |       1 |   0.0 |   270
               +---------+---------+-------+---------+---------+-------+---------

Vault maps used:
D:1:      dpeg_arrival_chase, amethyst_killhole, hangedman_abyss_or_decor_stabs,
          hex_medium
